 Dungeon Crawl Stone Soup version 0.28-a0-612-gcfc00ec14d (webtiles) character file.

Game seed: 15047874529433453228

113 SkeletonJelly the Sneak (level 4, -6/23 HPs)
             Began as a Spriggan Abyssal Knight on Oct 6, 2021.
             Was a Believer of Lugonu.
             Mangled by a scorpion (9 damage)
             ... on level 3 of the Dungeon.
             The game lasted 00:05:36 (3627 turns).

SkeletonJelly the Sneak (Spriggan Abyssal Knight)   Turns: 3627, Time: 00:05:37

Health: -6/23      AC:  2    Str:  9    XL:     4   Next: 65%
Magic:  6/6        EV: 18    Int: 12    God:    Lugonu [**....]
Gold:   105        SH:  0    Dex: 21    Spells: 3/3 levels left

rFire   . . .      SeeInvis +   a - +1 short sword
rCold   . . .      Faith    .   (shield restricted)
rNeg    . . .      Spirit   .   b - +0 robe
rPois   .          Reflect  .   (helmet restricted)
rElec   .          Harm     .   (no cloak)
rCorr   .          Rampage  .   (gloves unavailable)
Will    .....                   (boots unavailable)
Stlth   +++.......              (no amulet)
HPRegen 0.07/turn               c - +6 ring of dexterity
MPRegen 0.10/turn               (no ring)

@: brilliant, hasted, very quick
A: very small, no large weapons, unfitting armour, see invisible, speed 3
a: Renounce Religion, Depart the Abyss, Bend Space


You were on level 3 of the Dungeon.
You worshipped Lugonu.
Lugonu was pleased with you.
You visited 1 branch of the dungeon, and saw 3 of its levels.
You visited the Abyss 1 time.

You collected 105 gold pieces.

Inventory:

Hand Weapons
 a - a +1 short sword (weapon)
 k - a +0 hunting sling
Missiles
 l - 135 stones
Armour
 b - a +0 robe (worn)
Jewellery
 c - a +6 ring of dexterity (left hand)
Scrolls
 d - a scroll of silence {unknown}
 e - 2 scrolls of identify {unknown}
 g - a scroll of enchant weapon {unknown}
 h - a scroll of noise {unknown}
 m - a scroll of vulnerability {unknown}
Potions
 f - a potion of flight {unknown}
 i - a potion of brilliance


   Skills:
 - Level 2.4 Fighting
 + Level 4.1 Short Blades
 - Level 3.2 Dodging
 + Level 4.8 Stealth
 - Level 1.7 Invocations


You had 3 spell levels left.
You didn't know any spells.
Your spell library contained the following spells:

 Spells                   Type           Power      Damage    Failure   Level
 Static Discharge         Conj/Air       0%         N/A       45%         2
 Ignite Poison            Fire/Tmut/Pois 0%         N/A       69%         3
 Mephitic Cloud           Conj/Pois/Air  0%         N/A       69%         3
 Portal Projectile        Hex/Tloc       0%         N/A       69%         3
 Dispel Undead            Necr           0%         3d6       97%         4
 Sticky Flame             Conj/Fire      0%         2d3       97%         4
 Blade Hands              Tmut           0%         N/A       100%        5
 Excruciating Wounds      Necr           0%         N/A       100%        5
 Freezing Cloud           Conj/Ice/Air   0%         6-21      100%        5


Dungeon Overview and Level Annotations

Branches:
Dungeon (3/15)

Altars:

Annotations:
D:2 Terence


Innate Abilities, Weirdness & Mutations

You are very small and have problems with some larger weapons.
You are too small for most types of armour.
You have supernaturally acute eyesight. (SInv)
You cover ground extremely quickly. (Speed+++)


Message History

You see here a +0 hand axe.
You see here a +0 whip.
Key pressed, stopping explore.
Key pressed, stopping explore.
Found a short sword.
l - 135 stones (gained 16)
There is a shaft here.
You now have 88 gold pieces (gained 13).
You now have 92 gold pieces (gained 4).
A rat comes into view.
A rat is nearby!
There is an escape hatch in the floor here.
The rat closely misses you.
You hit the rat.
You kill the rat!
Lugonu accepts your kill.
No target in view!
No target in view!
No target in view!
No target in view!
No target in view!
You see here a rat corpse.
A ball python comes into view.
A ball python is nearby!
A ball python is nearby!
A ball python is nearby!
A ball python is nearby!
Found 13 gold pieces.
Found a stone staircase leading up.
The ball python hisses angrily.
The ball python barely misses you. The ball python grabs you.
The ball python constricts you.
You take 1 damage, and have 22/23 hp.
You hit the ball python.
The ball python is moderately wounded.
The ball python barely misses you. The ball python constricts you.
You hit the ball python.
You kill the ball python!
Lugonu accepts your kill.
No target in view!
No target in view!
You now have 105 gold pieces (gained 13).
A scorpion comes into view.
Found a stone staircase leading down.
Health restored: 23 A scorpion is nearby!
A scorpion is nearby!
A scorpion is nearby!
A scorpion is nearby!
A scorpion is nearby!
The helpless scorpion fails to defend itself.
You puncture the scorpion!
The scorpion is almost dead.
The scorpion stings you.
You are poisoned.
The scorpion poisons you!
You take 5 damage, and have 18/23 hp.
MASSIVE DAMAGE!!
You feel very sick.
You take 3 damage, and have 15/23 hp.
You feel sick.
You take 1 damage, and have 14/23 hp.
You feel sick.
You take 2 damage, and have 12/23 hp.
You feel sick.
You take 1 damage, and have 11/23 hp.
You aren't carrying any items that you can evoke.
You feel sick.
You take 1 damage, and have 10/23 hp.
You feel sick.
You take 1 damage, and have 9/23 hp.
You feel sick.
You take 1 damage, and have 8/23 hp.
You feel sick.
You take 1 damage, and have 7/23 hp.
You feel sick.
You take 1 damage, and have 6/23 hp.
Found a scroll labelled DOINGI XELYATH.
You feel sick.
You don't know any spells.
Unknown command.
Unknown command.
It was a potion of brilliance.
You feel clever all of a sudden.
You feel sick.
You take 1 damage, and have 5/23 hp.
You feel sick.
You take 1 damage, and have 4/23 hp.
You feel sick.
You are no longer poisoned.
You take 1 damage, and have 3/23 hp.
It was a potion of haste.
You feel yourself speed up. The scorpion completely misses you.
You hit the scorpion but do no damage.
The scorpion is almost dead.
You closely miss the scorpion.
The scorpion is almost dead.
The scorpion closely misses you.
You closely miss the scorpion.
The scorpion is almost dead.
The scorpion stings you!
You die...

## .. #....####. ## +..... ..
... #....## #.#####..?
#.......#.........
#.......#...........#
.....#<..@.........# #
#.#......s.........+.# #
#.#................#.#####
#.#.#######.......#.#.#.#.#.
#.##................#.#.#.#.#.#
#>...................#.#.#.#.#.
#...................#.#+#.#.#.#
###.##.#############.........#.
#....# ##.....รทรท#.#


You could see a scorpion.

Vanquished Creatures
  6 adders
  A worm (D:2)
  2 dart slugs (D:2)
  6 ball pythons
  4 endoplasms
  2 giant cockroaches
  9 goblins
  7 hobgoblins
  2 jackals (D:2)
  2 kobolds (D:2)
  2 quokkas
  3 bats
  A frilled lizard (D:3)
  3 rats
50 creatures vanquished.

Vanquished Creatures (others)
  2 starspawn tentacles (Abyss:2)
2 creatures vanquished.

Grand Total: 52 creatures vanquished

Notes
Turn   | Place    | Note
-------+----------+-------------------------------------------
     0 | Abyss:1  | SkeletonJelly the Spriggan Abyssal Knight began the quest
                  | for the Orb.
     0 | Abyss:1  | Reached XP level 1. HP: 11/11 MP: 3/3
    70 | Abyss:2  | Noticed a demonic crawler
    70 | Abyss:2  | Noticed a tentacled starspawn
    93 | Abyss:2  | Noticed a thrashing horror
    96 | D:1      | Escaped the Abyss
   331 | D:1      | Reached * piety under Lugonu
   332 | D:1      | Reached skill level 1 in Stealth
   555 | D:1      | Reached XP level 2. HP: 9/16 MP: 4/4
   948 | D:1      | You fall into a shaft and drop 1 floor!
  1123 | D:2      | Noticed Terence
  1475 | D:2      | Reached XP level 3. HP: 19/19 MP: 5/5
  2222 | D:2      | Reached XP level 4. HP: 19/23 MP: 6/6
  2284 | D:2      | Found a faded altar of an unknown god.
  2684 | D:2      | Reached ** piety under Lugonu
  3603 | D:3      | Noticed a scorpion
  3627 | D:3      | Mangled by a scorpion

Illustrated notes

Levels and vault maps discovered:
D:1:      amcnicky_arrival_underground_garden, layout_basic,
          minmay_misc_feat_tiny
D:2:      layout_loops_cross, hellmonk_ecumenical_altar_inner_sanctum,
          minmay_goblin_outpost, uniq_terence
D:3:      layout_basic

Skill      XL: |  1  2  3  4 |
---------------+-------------+-----
Stealth        | 1 3 4 |  4.8
Short Blades   | 3 4 |  4.1
Fighting       | |  2.4
Dodging        | |  3.2
Invocations    | |  1.7

Action                   |  1- 3 |  4- 6 || total
-------------------------+-------+-------++-------
Melee: Short sword       |    97 |    68 ||   165
 Fire: Hunting sling     |    20 |       ||    20
Invok: Depart the Abyss  |     1 |       ||     1
  Use: Potion            |       |     2 ||     2
 Stab: Sleeping          |     6 |     2 ||     8
       Distracted        |     1 |       ||     1
Armor: Robe              |    11 |     2 ||    13
Dodge: Dodged            |    60 |    47 ||   107

Table legend: (Time is in decaauts)
 A = Elapsed time spent in this place.
 B = Non-inter-level travel time spent in this place.
 C = Inter-level travel time spent in this place.
 D = Time resting spent in this place.
 E = Time spent auto-exploring this place.
 F = Levels seen in this place.
 G = Mean time per level.
                   A        B        C        D        E       F      G
               +--------+--------+--------+--------+--------+-----+--------+
         Total |   2917 |   2851 |     66 |      0 |   2441 |   5 |  583.4 |
       Dungeon |   2857 |   2791 |     66 |      0 |   2406 |   3 |  952.3 |
         Abyss |     59 |     59 |      0 |      0 |     34 |   2 |   29.5 |
               +--------+--------+--------+--------+--------+-----+--------+

Top non-repeatable levels by time:
     D:1: 1179 daAuts
     D:2: 1158 daAuts
     D:3: 520 daAuts
 Abyss:2: 41 daAuts
 Abyss:1: 17 daAuts
